 Dungeon Crawl Stone Soup version 0.31-a0-354-g827e095 (webtiles) character file.

Game seed: 9803347648710973495

1496 Dawnplanks the Cleaver (level 8, -3/68 HPs)
             Began as a Hill Orc Fighter on July 23, 2023.
             Succumbed to a gnoll's poison
             ... on level 6 of the Dungeon.
             The game lasted 00:10:17 (4656 turns).

Dawnplanks the Cleaver (Hill Orc Fighter)           Turns: 4656, Time: 00:10:18

Health: -3/68      AC: 13    Str: 21    XL:     8   Next: 81%
Magic:  2/8        EV:  5    Int:  8    God:
Gold:   298        SH: 10    Dex: 10    Spells: 7/7 levels left

rFire   . . .        a - +0 war axe
rCold   . . .        q - +2 kite shield
rNeg    . . .        F - +0 plate armour
rPois   .            (no helmet)
rElec   .            x - +0 cloak
rCorr   .            (no gloves)
SInv    +            (no boots)
Will    .....        f - amulet of guardian spirit Stlth
                     y - ring of see invisible
HPRegen 0.31/turn    (no ring)
MPRegen 0.11/turn

%: guardian spirit
@: lethally poisoned (-3 -> -34)
A: no striking features
a: no special abilities


You were on level 6 of the Dungeon.
You visited 2 branches of the dungeon, and saw 7 of its levels.

You collected 298 gold pieces.

Inventory:

Hand Weapons
 a - a +0 war axe (weapon)
 G - a +2 heavy flail
Missiles
 g - a throwing net
 i - 4 boomerangs (quivered)
Armour
 q - a +2 kite shield (worn)
 r - a +1 chain mail of fire resistance
 x - a +0 cloak (worn)
 F - a +0 plate armour (worn)
Jewellery
 f - an amulet of guardian spirit (around neck)
 y - a ring of see invisible (left hand)
Wands
 d - a wand of flame (21)
 u - a wand of roots (10)
 A - a wand of polymorph (6)
Scrolls
 c - 4 scrolls of revelation {unknown}
 e - 6 scrolls of identify {unknown}
 h - a scroll of silence {unknown}
 j - 5 scrolls of enchant weapon {unknown}
 l - 4 scrolls of teleportation {unknown}
 n - 2 scrolls of fear {unknown}
 z - a scroll of poison {unknown}
 B - a scroll of blinking {unknown}
 D - a scroll of brand weapon {unknown}
 E - a scroll of amnesia {unknown}
 H - 2 scrolls of immolation {unknown}
Potions
 b - 2 potions of haste {unknown}
 k - 2 potions of curing {unknown}
 m - 3 potions of enlightenment {unknown}
 o - 5 potions of degeneration {unknown}
 p - a potion of cancellation {unknown}
 s - a potion of invisibility {unknown}
 t - 2 potions of lignification {unknown}
 v - 3 potions of brilliance {unknown}
 w - a potion of magic {unknown}
 C - a potion of berserk rage {unknown}
 I - 2 potions of might


   Skills:
 + Level 5.3 Fighting
 * Level 11.5 Axes
 + Level 5.0 Armour
 + Level 1.1 Dodging
 + Level 5.0 Shields
 + Level 0.2 Evocations


You had 7 spell levels left.
You didn't know any spells.
Your spell library contained the following spells:

 Spells                   Type           Power      Damage    Failure   Level
 Magic Dart               Conj           0%         1d3       100%        1
 Ensorcelled Hibernation  Hex/Ice        0%         N/A       100%        2
 Passwall                 Tmut/Erth      0%         N/A       100%        2
 Searing Ray              Conj           0%         2d4       100%        2
 Swiftness                Air            0%         N/A       100%        3
 Fulminant Prism          Conj/Hex       0%         3d5       100%        4
 Manifold Assault         Tloc           0%         N/A       100%        4
 Dispersal                Tloc           0%         N/A       100%        6
 Disjunction              Tloc           0%         N/A       100%        8


Dungeon Overview and Level Annotations

Branches:
Dungeon (6/15)             Temple (1/1) D:5

Altars:
Ashenzari
Cheibriados
Dithmenos
Elyvilon
Fedhas
Hepliaklqana
Kikubaaqudgha
Makhleb
Nemelex Xobeh
Qazlal
Ru
Sif Muna
Uskayaw
Vehumet
Wu Jian
Yredelemnul
Zin
The Shining One

Annotations:
D:4 1 runed translucent door, Crazy Yiuf


Message History

You block the gnoll's attack. The gnoll barely misses you.
The gnoll hits you with a +2 spear of venom.
You are more poisoned.
The gnoll sergeant hits you from afar with a +0 trident.
You block the gnoll's attack.
You closely miss the gnoll. You barely miss the gnoll. You slash the gnoll!
You kill the gnoll!
You feel very sick. You block the gnoll's attack.
You block the gnoll sergeant's attack. The gnoll hits you but does no damage.
You are more poisoned.
The gnoll hits you but does no damage.
Your Armour skill increases to level 5!
You slash the gnoll!
You kill the gnoll!
You barely miss the gnoll.
You feel very sick. The gnoll hits you but does no damage.
You block the gnoll sergeant's attack.
The gnoll hits you with a +2 spear of venom.
You are lethally poisoned!
You feel extremely sick.
The gnoll sergeant hits you with a +0 trident!
* * * LOW HITPOINT WARNING * * *
The gnoll hits you with a +0 spear.
* * * LOW HITPOINT WARNING * * *
You block the gnoll's attack.
Things that are here:
a +0 spear; a gnoll corpse You barely miss the gnoll sergeant.
You hit the gnoll. x2
* * * LOW HITPOINT WARNING * * *
You feel very sick. You block the gnoll sergeant's attack.
You block the gnoll's attack.
The gnoll hits you with a +2 spear of venom.
* * * LOW HITPOINT WARNING * * *
You are more poisoned.
You slash the gnoll sergeant!
The gnoll sergeant is moderately wounded.
You closely miss the gnoll. You slash the gnoll!
You kill the gnoll!
You die...

........... ##..........
# #........... #.
#........... #.
#####........... ####.#
#..?............
##.....##...............
#......))...............
......g@).....>....[....
.......g................
........................
........................
.......[.........#......
..................<.....
#..............#........
##......#.....###.......
#..## #.......


You could see a gnoll sergeant and a gnoll.

Vanquished Creatures
  Sigmund (D:4)
  Eustachio (D:4)
  An ogre (D:4)
  3 phantoms
  A bullfrog (D:6)
  A scorpion (D:5)
  5 hounds
  A jelly (D:4)
  An orc priest (D:6)
  Ijyb (D:4)
  Terence (D:3)
  2 iguanas
  2 sleepcaps
  Natasha (thrice) (D:3)
  An orc wizard (D:4)
  7 gnolls (D:6)
  12 adders
  2 ufetubi
  2 worms
  4 dart slugs
  10 orcs
  5 endoplasms
  5 giant cockroaches
  14 goblins
  6 hobgoblins
  3 jackals (D:4)
  8 quokkas
  11 ball pythons
  2 bats (D:1)
  2 frilled lizards
  6 kobolds
  7 rats
131 creatures vanquished.

Notes
Turn   | Place    | Note
-------+----------+-------------------------------------------
     0 | D:1      | Dawnplanks the Hill Orc Fighter began the quest for the
                  | Orb.
     0 | D:1      | Reached XP level 1. HP: 19/19 MP: 1/1
   234 | D:1      | Reached XP level 2. HP: 27/27 MP: 2/2
   390 | D:1      | Reached skill level 3 in Axes
   798 | D:2      | Reached XP level 3. HP: 30/33 MP: 3/3
   948 | D:2      | Reached skill level 4 in Axes
   955 | D:2      | Reached XP level 4. HP: 30/40 MP: 4/4
  1240 | D:2      | Reached skill level 5 in Axes
  1334 | D:3      | Noticed Natasha
  1339 | D:3      | Killed Natasha
  1340 | D:3      | Reached XP level 5. HP: 46/46 MP: 5/5
  1409 | D:3      | Noticed Terence
  1426 | D:3      | Killed Terence
  1604 | D:3      | Found a sacrificial altar of Ru.
  1680 | D:3      | Reached skill level 6 in Axes
  1698 | D:3      | Found a faded altar of an unknown god.
  1897 | D:3      | Noticed Natasha
  1903 | D:3      | Killed Natasha
  2090 | D:3      | Noticed Natasha
  2100 | D:3      | Killed Natasha
  2101 | D:3      | Reached XP level 6. HP: 40/52 MP: 4/6
  2163 | D:4      | Reached skill level 7 in Axes
  2271 | D:4      | Found a sparkling altar of Nemelex Xobeh.
  2400 | D:4      | Noticed Sigmund
  2400 | D:4      | Noticed Eustachio
  2411 | D:4      | Killed Sigmund
  2412 | D:4      | Reached skill level 8 in Axes
  2412 | D:4      | Reached XP level 7. HP: 52/60 MP: 7/7
  2425 | D:4      | Killed Eustachio
  2542 | D:4      | Noticed Ijyb
  2599 | D:4      | Reached skill level 9 in Axes
  2606 | D:4      | Reached XP level 8. HP: 64/67 MP: 8/8
  3250 | D:4      | Reached skill level 10 in Axes
  3415 | D:4      | Killed Ijyb
  3416 | D:4      | Reached skill level 1 in Dodging
  3508 | D:4      | Found a runed translucent door.
  3509 | D:4      | Noticed Crazy Yiuf
  3567 | D:5      | Entered Level 5 of the Dungeon
  4046 | D:5      | Reached skill level 5 in Fighting
  4046 | D:5      | Reached skill level 5 in Shields
  4048 | D:5      | Found a staircase to the Ecumenical Temple.
  4055 | Temple   | Entered the Ecumenical Temple
  4410 | D:6      | Reached skill level 11 in Axes
  4653 | D:6      | Reached skill level 5 in Armour
  4655 | D:6      | HP: 3/68 [gnoll/+2 spear of venom[a gnoll sergeant] (1)]
  4656 | D:6      | Succumbed to a gnoll's poison

Illustrated notes

Levels and vault maps discovered:
D:1:      scummos_arrival_hexagon, layout_basic
D:2:      layout_rooms
D:3:      layout_loops_ring, old_standard_altar,
          shapermc_ecumenical_altar_pompeii, uniq_natasha, uniq_terence
D:4:      minmay_razor_zed, layout_loops_ring,
          nemelex_xobeh_ov_fountains_minmay, hangedman_decor_diamond_cutter,
          uniq_ijyb, uniq_crazy_yiuf_cottage, uniq_sigmund, uniq_eustachio
D:5:      layout_loops_ring, minmay_temple_entry_nine_rooms
D:6:      layout_rooms
Temple:   nicolae_temple_superstar

Skill      XL: |  1  2  3  4  5  6  7  8 |
---------------+-------------------------+-----
Axes           | 3 4 5 6 8 9 11 | 11.5
Fighting       | 4 5 |  5.3
Armour         | 4 5 |  5.0
Shields        | 4 5 |  5.0
Dodging        | 1 |  1.1
Evocations     | |  0.2

Action                     |  1- 3 |  4- 6 |  7- 9 || total
---------------------------+-------+-------+-------++-------
  Melee: War axe           |    94 |   163 |   177 ||   434
  Throw: Boomerang         |       |     3 |       ||     3
  Evoke: Wand              |       |     2 |       ||     2
    Use: Potion            |       |     1 |       ||     1
 Armour: Scale mail        |    22 |       |       ||    22
         Chain mail        |    26 |    72 |    59 ||   157
         Plate armour      |       |       |    29 ||    29
         Skin              |       |       |     3 ||     3
  Dodge: Dodged            |    37 |    44 |    48 ||   129
  Block: Buckler           |    21 |     2 |       ||    23
         Kite shield       |       |    72 |    94 ||   166

Table legend: (Time is in decaauts)
 A = Elapsed time spent in this place.
 B = Non-inter-level travel time spent in this place.
 C = Inter-level travel time spent in this place.
 D = Time resting spent in this place.
 E = Time spent auto-exploring this place.
 F = Levels seen in this place.
 G = Mean time per level.
                   A        B        C        D        E       F      G
               +--------+--------+--------+--------+--------+-----+--------+
         Total |   4760 |   4470 |    290 |     38 |   3452 |   7 |  680.0 |
       Dungeon |   4710 |   4468 |    242 |     38 |   3452 |   6 |  785.0 |
        Temple |     49 |      1 |     48 |      0 |      0 |   1 |   49.0 |
               +--------+--------+--------+--------+--------+-----+--------+

Top non-repeatable levels by time:
     D:4: 1454 daAuts
     D:3: 836 daAuts
     D:1: 810 daAuts
     D:5: 744 daAuts
     D:2: 563 daAuts
     D:6: 302 daAuts
  Temple: 49 daAuts
